 Dungeon Crawl Stone Soup version 0.27.0-1-g7a089689b8 (webtiles) character file.

Game seed: 11429689341129286122

458 sanka the Skirmisher (level 7, -3/61 HPs)
             Began as a Ghoul Conjurer on Aug 8, 2021.
             Was an Initiate of Makhleb.
             Slain by a kobold brigand (9 damage)
             ... in a sewer.
             The game lasted 00:07:29 (4567 turns).

sanka the Skirmisher (Ghoul Conjurer)               Turns: 4567, Time: 00:07:30

Health: -3/61      AC:  3    Str: 11      XL:     7   Next: 6%
Magic:  0/9        EV: 11    Int: 15      God:    Makhleb [......]
Gold:   125        SH:  0    Dex:  6 (7)  Spells: 7/10 levels left

rFire    . . .     SeeInvis .   k - +3 dagger (drain)
rCold    + . .     Faith    .   (no shield)
rNeg     + + +     Spirit   .   a - +0 robe
rPois    ∞         Reflect  .   o - +0 helmet
rElec    .         Harm     .   (no cloak)
rCorr    .         Rampage  .   (no gloves)
Will     .....                  (no boots)
Stlth    +.........             f - amulet of the acrobat
HPRegen  0.00/turn              (no ring)
MPRegen  0.11/turn              (no ring)

@: inhibited regen
A: claws 1, cold resistance 1, negative energy resistance 3, inhibited
regeneration, torment resistance 2
a: Renounce Religion


You were in a sewer.
You worshipped Makhleb.
Makhleb was noncommittal.
You visited 1 branch of the dungeon, and saw 3 of its levels.
You also visited: Sewer.

You collected 125 gold pieces.


Innate Abilities, Weirdness & Mutations

You thrive by killing the living.
You are immune to poison.
You have sharp fingernails.
Your flesh is cold resistant. (rC+)
You are immune to negative energy. (rN+++)
You do not regenerate when monsters are visible.
You are immune to unholy pain and torment.


   Skills:
 + Level 5.4 Fighting
 + Level 2.4 Dodging
 - Level 2.1 Stealth
 - Level 2.0 Spellcasting
 - Level 5.0 Conjurations


You had 7 spell levels left.
You knew the following spells:

 Your Spells              Type           Power      Damage    Failure   Level
x - Searing Ray           Conj           32%        3d4       4%          2
z - Magic Dart            Conj           64%        1d6       2%          1

Your spell library contained the following spells:

 Spells                   Type           Power      Damage    Failure   Level
 Dazzling Flash           Conj/Hex       18%        N/A       24%         3
 Gell's Gravitas          Tloc           0%         N/A       54%         3
 Teleport Other           Tloc           1%         N/A       54%         3
 Fulminant Prism          Conj/Hex       4%         3d6       61%         4
 Iskenderun's Mystic Bla  Conj/Tloc      9%         2d4       61%         4
 Dispersal                Tloc           0%         N/A       100%        6

Inventory:

Hand Weapons
 d - a +0 whip of freezing
 e - a +1 short sword of flaming
 k - a +3 dagger of draining (weapon)
 m - a +0 vorpal trident
Armour
 a - a +0 robe (worn)
 o - a +0 helmet (worn)
 w - a +0 buckler
Magical Staves
 q - a staff of death
Jewellery
 f - an amulet of the acrobat (around neck)
Scrolls
 b - a scroll of fog {unknown}
 c - 2 scrolls of identify {unknown}
 g - a scroll of acquirement {unknown}
 h - a scroll of teleportation {unknown}
 i - a scroll of magic mapping {unknown}
 n - a scroll of vulnerability {unknown}
 t - a scroll of summoning {unknown}
 v - a scroll of noise {unknown}
Potions
 j - 2 potions of ambrosia {unknown}
 l - 2 potions of lignification {unknown}
 p - a potion of flight {unknown}
 r - a potion of might {unknown}
 s - a potion of invisibility {unknown}
 u - a potion of haste {@q3}

Dungeon Overview and Level Annotations

Branches:
Dungeon (3/15)              Sewer (1/1)

Altars:
Qazlal

▒≈..K≈▒▒▒▒ ▒≈K..≈▒▒≈≈
▒≈.S.≈▒▒≈. ▒≈...≈▒▒≈≈
≈...≈▒▒≈≈ ▒▒'''▒▒▒≈.
▒▒▒▒▒▒▒▒▒.....▒▒≈≈
▒▒≈≈≈≈≈≈▒...#..▒▒▒.
▒▒▒.nK.).)'.#.....▒..
▒∩.[...†.)'..._.#.)..
▒▒▒......)'.#.....▒).
▒▒≈≈≈≈≈≈▒...#..▒▒▒.
▒▒▒▒▒▒▒▒▒.....▒▒≈≈
▒▒'''▒▒▒≈≈ ▒≈...≈▒▒≈≈
▒≈...≈▒▒≈. ▒≈...≈▒▒≈≈


You could see a kobold brigand (drained).


Message History

The kobold brigand misses you.
The searing ray misses the kobold brigand.
The kobold brigand hits you with a +0 whip.
* * * LOW HITPOINT WARNING * * *
You hit the kobold brigand but do no damage.
The kobold brigand is almost dead.
The kobold brigand barely misses you.
You hit the kobold brigand but do no damage.
You drain the kobold brigand.
The kobold brigand is almost dead.
The kobold brigand barely misses you.
You hit the kobold brigand but do no damage.
The kobold brigand is almost dead.
The kobold brigand hits you with a +0 whip.
* * * LOW HITPOINT WARNING * * *
You hit the kobold brigand but do no damage.
The kobold brigand is almost dead.
The kobold brigand hits you with a +0 whip.
* * * LOW HITPOINT WARNING * * *
The kobold brigand closely misses you.
The kobold brigand throws a curare-tipped dart.
The curare-tipped dart hits you.
The magic dart hits the kobold brigand but does no damage.
The kobold brigand is almost dead.
You hit the kobold brigand but do no damage.
The kobold brigand is almost dead.
You hit the kobold brigand but do no damage.
The kobold brigand is almost dead.
The kobold brigand hits you with a +0 whip!
You die...

Action                   |  1- 3 |  4- 6 |  7- 9 || total
-------------------------+-------+-------+-------++-------
Melee: Unarmed           |    15 |       |       ||    15
       Whip              |     5 |       |       ||     5
       Short sword       |    19 |     1 |       ||    20
       Dagger            |       |    89 |    20 ||   109
 Cast: Magic Dart        |    64 |    39 |     5 ||   108
       Searing Ray       |     1 |    11 |     3 ||    15
 Stab: Sleeping          |       |     1 |       ||     1
Armor: Robe              |    12 |    50 |     3 ||    65
Dodge: Dodged            |    39 |   138 |    21 ||   198

Levels and vault maps discovered:
D:1:      dpeg_arrival_rooms_c, layout_rooms, shapermc_ecumenical_altar_pompeii,
          chequers_decorated_corner, grunt_decor_fettered, minivault_19
D:2:      layout_basic, uniq_terence
D:3:      layout_rooms, nicolae_qazlal_general_emergency,
          cheibrodos_sewer_entry_drain, st_stairs_14, minmay_snake_closets,
          uniq_robin, uniq_crazy_yiuf_cottage, uniq_jessica, uniq_grinder
Sewer:    kennysheep_sewer_church

Notes
Turn   | Place    | Note
-------+----------+-------------------------------------------
     0 | D:1      | sanka the Ghoul Conjurer began the quest for the Orb.
     0 | D:1      | Reached XP level 1. HP: 14/14 MP: 2/2
   128 | D:1      | Reached skill level 2 in Spellcasting
   162 | D:1      | Found a faded altar of an unknown god.
   173 | D:1      | Reached XP level 2. HP: 13/20 MP: 0/4
   532 | D:1      | Learned a level 2 spell: Searing Ray
   951 | D:1      | Reached XP level 3. HP: 22/26 MP: 0/5
  1021 | D:1      | Reached skill level 4 in Conjurations
  1119 | D:2      | Noticed Terence
  1931 | D:2      | Reached XP level 4. HP: 20/33 MP: 2/6
  2782 | D:1      | Killed Terence
  2947 | D:3      | Noticed Robin
  3235 | D:2      | Reached skill level 5 in Conjurations
  3339 | D:3      | Killed Robin
  3340 | D:3      | Reached XP level 5. HP: 39/39 MP: 1/7
  3398 | D:3      | Reached skill level 1 in Fighting
  3531 | D:3      | Found a stormy altar of Qazlal.
  3558 | D:3      | Noticed Grinder
  3562 | D:3      | Paralysed by Grinder for 4 turns
  3611 | D:3      | Killed Grinder
  3612 | D:3      | Reached skill level 4 in Fighting
  3612 | D:3      | Reached XP level 6. HP: 20/53 MP: 0/8
  3646 | D:3      | Found a glowing drain.
  3656 | Sewer    | Entered a sewer
  3915 | Sewer    | Reached skill level 5 in Fighting
  4224 | Sewer    | Found a burning altar of Makhleb.
  4239 | Sewer    | Reached skill level 2 in Dodging
  4312 | Sewer    | Became a worshipper of Makhleb the Destroyer
  4365 | Sewer    | Reached XP level 7. HP: 61/61 MP: 4/9
  4562 | Sewer    | HP: 6/61 [kobold brigand (5)]
  4567 | Sewer    | Slain by a kobold brigand

Vanquished Creatures
  Grinder (D:3)
  2 quasits (Sewer)
  Terence (D:1)
  Robin (D:3)
  4 adders
  2 shadow imps (Sewer)
  4 ufetubi
  An adder zombie (Sewer)
  3 dart slugs
  An orc (D:3)
  6 ball pythons
  A bat zombie (Sewer)
  3 endoplasms
  5 giant cockroaches
  10 goblins
  10 hobgoblins
  A jackal (D:3)
  18 kobolds
  A quokka (D:3)
  4 bats
  2 frilled lizards (D:2)
  3 rats
84 creatures vanquished.

Vanquished Creatures (others)
  2 adder zombies (Sewer)
2 creatures vanquished.

Grand Total: 86 creatures vanquished
